Unix NetHack Version 5.0.0-0 post-release - last build Jul 19 2026 19:10:59 (3aa4ab31751d3886436d94b585a96704892fd477,branch:main).

Game began 2026-07-27 13:46:33, ended 2026-07-27 14:21:55.

Booker, lawful male human Knight

  -------
  |.....|             -------
  |...<.|            #|.....|
  |.....+            #......|
  ----|--           ##|.....|         #!########
      #####        # #-----.-          -K-    ##
          ###################         ..F..   #
                 #      #           ...)..... #
                        #         ...--.--...|#
                        #        |..  .{  ...|#
                     ####        |    {.   ..|#
                   ###                .{   ..|#
                  -.------           ---    .|#
                  |......|                  .|#
                  |......|                   |#
                  |.......#######             #
                  |......|      ###############
                  |......|
                  --------

Booker the Bachelor      St:15 Dx:8 Co:11 In:8 Wi:15 Ch:18  Lawful S:5229
Dlvl:9  $:229 HP:0(59) Pw:64(64) AC:3  Xp:7/1135 T:3725  Hallu

Latest messages:
 You hit the giant ant!
 The giant ant bites!
 You kill the giant ant!
 It explodes!
 You are caught in a blast of kaleidoscopic light!
 You are freaked out.
 The green mold eats a giant ant corpse!
 You hit the haggler!
 You kill the pigasus!
 You see here a magic marker.
 P - a magic marker.
 Kaablamm!  You hear an explosion in the distance!
 You see here a pair of low boots.
 Q - a pair of low boots.
 You hear a nearby zap.
 The air crackles around the baluchitherium.
 You hit the first category perpetual motion device!
 You kill the imp!
 The blue jelly hits!
 The barrow wight hits again!
 The quantum mechanic swings wildly and misses!
 The ogre hits!
 The disenchanter misses!
 You destroy the verbal jabberwock!
 You hit the baby purple worm!
 The homunculus misses!
 The water nymph hits!
 The giant cockroach shoots an arrow!
 The arrow misses the basilisk.
 You are almost hit by an arrow.
 You kill the dwarf zombie!
 You hit the orc zombie!
 The lichen just misses!
 The little dog shoots an arrow!
 The arrow hits the newt.
 You destroy the jackal!
 The acid blob shoots an arrow!
 You are hit by an arrow!
 $ - 30 gold pieces (229 in total).
 The kestrel swings his bow.
 The rebus hits!
 The gold dragon kicks!
 The monkey strikes at thin air!
 The chickatrice picks up a mummy wrapping.
 You see here an arrow.
 The newt attacks a spot beside you.
 The orc shaman snaps wildly and misses!
 The wumpus swings its bow.
 The dwarf zombie hits!
 You die...

Inventory:
 Coins    ('$')
  $ - 229 gold pieces
 Weapons  (')')
  a - the blessed rustproof +1 Excalibur (weapon in right hand)
 Armor    ('[')
  d - an uncursed +0 helmet (being worn)
  f - an uncursed +0 pair of leather gloves (being worn)
  Q - an uncursed +0 pair of low boots
  e - an uncursed burnt +1 small shield (being worn)
  F - an uncursed +0 cloak of invisibility (being worn)
  c - an uncursed rusty +1 ring mail (being worn)
 Comestibles  ('%')
  g - 13 uncursed apples
  h - 9 uncursed carrots
  m - 3 uncursed food rations
  l - an uncursed tripe ration
  A - an uncursed egg
  O - an uncursed lichen corpse
 Scrolls  ('?')
  o - an uncursed scroll of blank paper
  J - an uncursed scroll of create monster
  C - a blessed scroll of enchant weapon
 Potions  ('!')
  E - an uncursed potion of acid
  u - a blessed potion of confusion
  K - an uncursed potion of extra healing
  G - a blessed potion of sickness
  L - an uncursed potion of water
 Rings    ('=')
  z - an uncursed ring of sustain ability (on left hand)
 Wands    ('/')
  D - an uncursed wand of digging (0:3)
  y - an uncursed wand of magic missile (0:1)
 Tools    ('(')
  q - an uncursed lock pick
  P - an uncursed magic marker (0:54)
  p - an uncursed towel
 Gems/Stones  ('*')
  s - an uncursed worthless piece of red glass

Booker the Knight's attributes:

Background:
 You were a Bachelor, a level 7 male human Knight.
 You were lawful, nominally on a mission for Lugh
 who was opposed by Brigit (neutral) and Manannan Mac Lir (chaotic).
 You were right-handed.
 You were in the Dungeons of Doom, on level 9.
 You entered the dungeon 3725 turns ago.
 You had 1135 experience points, 145 more were needed to attain level 8.
 Your score was 5229 before end-of-game adjustments.

Basics:
 You had 0 out of 59 hit points.
 You had all 64 energy points (spell power).
 Your armor class was 3.
 Your wallet contained 229 imperial credits.
 Autopickup was on for '$%?!"=/' plus thrown, with exceptions.

Final Characteristics:
 Your strength was 15 (limit:18/100).
 Your dexterity was 8 (limit:18).
 Your constitution was 11 (peak:12, limit:18).
 Your intelligence was 8 (limit:18).
 Your wisdom was 15 (limit:18).
 Your charisma was 18 (limit:18).

Final Status:
 You were hallucinating.
 You weren't hungry.
 You were unencumbered.
 You were wielding a long sword.
 You were skilled in long sword.

Final Attributes:
 You were piously aligned.
 You were level-drain resistant.
 You were telepathic.
 You had automatic searching.
 You were invisible.
 You could jump.
 You were warded.
 You were fast.
 You had fixed abilities.
 You are dead (2nd time!).

Miscellaneous:
 You disabled loading and storing of bones levels.
 Total elapsed playing time was 35 minutes and 21 seconds.

Major events:
 Turn
    1: Booker the lawful male human Knight entered the dungeon
  680: attained the rank of Esquire (level 3)
 1615: averted death (killed by a hobgoblin)
 1938: attained the rank of Bachelor (level 6)
 2280: was given Excalibur by the Lady of the Lake
 3725: killed by a hallucinogen-distorted forest centaur

You didn't know any spells.

Skills:
 Fighting Skills
   bare handed combat [Unskilled]
   two weapon combat  [Unskilled]
   riding             [Basic]
 Weapon Skills
   dagger             [Unskilled]
   knife              [Unskilled]
   axe                [Unskilled]
   pick-axe           [Unskilled]
   short sword        [Unskilled]
   broadsword         [Unskilled]
   long sword         [Skilled]
   two-handed sword   [Unskilled]
   saber              [Unskilled]
   club               [Unskilled]
   mace               [Unskilled]
   morning star       [Unskilled]
   flail              [Unskilled]
   hammer             [Unskilled]
   polearms           [Unskilled]
   spear              [Unskilled]
   trident            [Unskilled]
   lance              [Basic]
   bow                [Unskilled]
   crossbow           [Unskilled]
 Spellcasting Skills
   attack spells      [Unskilled]
   healing spells     [Unskilled]
   clerical spells    [Unskilled]

Voluntary challenges:
 Character rerolling was not enabled.
 You were an atheist.
 You never genocided any monsters.
 You never polymorphed an object.
 You never changed form.
 You used no wishes.
Achievements:
 You entered a shop.
 You attained the rank of Esquire.
 You attained the rank of Bachelor.

 The Dungeons of Doom: levels 1 to 9
    Level 1:
       A fountain, a sink, a grave.
    Level 2:
       A sink.
    Level 3:
       A general store.
    Level 4:
       Some fountains.
    Level 5:
       A sink.
    Level 6:
       A throne.
    Level 7:
    Level 8:
       A fountain.
    Level 9: <- You were here.
       Many fountains.
       Final resting place for
          you, killed by a hallucinogen-distorted forest centaur.


Vanquished creatures:
  a small mimic
  a human mummy
  3 leprechauns
  a giant spider
  a black light
  a dwarf mummy
 an owlbear
  a gold golem
  a dingo
  a housecat
  a blue jelly
  6 bugbears
  a mountain nymph
  a rock piercer
  3 rock moles
  a pony
  a fog cloud
  3 yellow lights
  2 gnome leaders
  2 gray oozes
  a giant ant
  a floating eye
  a kobold leader
  a kobold shaman
  5 hill orcs
  a rabid rat
 an iguana
 17 killer bees
  2 acid blobs
  2 coyotes
  a gas spore
  a large kobold
  4 hobgoblins
  a giant rat
  a yellow mold
  a green mold
  a red mold
  a gnome
  5 garter snakes
  2 geckos
  4 jackals
  2 kobolds
  2 goblins
  6 sewer rats
  8 grid bugs
  5 lichens
  2 kobold zombies
  8 newts
120 creatures vanquished.

No species were genocided or became extinct.

Game over:
                       ----------
                      /          \
                     /    REST    \
                    /      IN      \
                   /     PEACE      \
                  /                  \
                  |      Booker      |
                  |      229 Au      |
                  |   killed by a    |
                  | hallucinogen-dis |
                  |  torted forest   |
                  |     centaur      |
                  |       2026       |
                 *|     *  *  *      | *
        _________)/\\_//(\/(/\)/\//\/|_)_______

Fare thee well Booker the Knight...

You died in The Dungeons of Doom on dungeon level 9 with 5207 points,
and 229 pieces of gold, after 3725 moves.
You were level 7 with a maximum of 59 hit points when you died.

